 Dungeon Crawl Stone Soup version 0.31-a0-175-g9f7f995f2b (webtiles) character file.

Game seed: 10114087495985934187

388590 AlmostDecent the Luminary of Lethal Lore (level 23, 0/148 HPs)
             Began as a Gnoll Ice Elementalist on June 14, 2023.
             Was the Champion of Vehumet.
             Slain by a white very ugly thing (20 damage)
             ... on level 1 of the Depths on June 16, 2023.
             The game lasted 06:38:47 (56917 turns).

AlmostDecent the Luminary of Lethal Lore (GnIE)    Turns: 56917, Time: 06:38:47

Health: 0/148      AC: 32    Str:  5      XL:     23   Next: 5%
Magic:  4/43       EV: 12    Int: 35 (36) God:    Vehumet [******]
Gold:   142        SH: 11    Dex: 13      Spells: 13/55 levels left

rFire   + . .        r - +7 trident of Fudimm {spect, +Blink}
rCold   + . .        k - +1 buckler of Charity {Str-3 Int+6}
rNeg    + + +        f - +7 Kryia's mail coat {PotionHeal*2 rC+}
rPois   .            Q - +2 hat {Int+3}
rElec   +            u - +2 cloak {Stlth+}
rCorr   +            D - +2 pair of gloves of the Ego {rElec rN++ Will- rCorr}
SInv    +            G - +0 pair of boots
Will    .....        v - amulet of magic regeneration
Stlth   +++          C - ring "Qutiangu" {rN+ rCorr Int+6 SInv}
HPRegen 0.44/turn    z - ring of the Octopus King {rF+ HP+2 AC+2 EV+2 SH+2}
MPRegen 0.68/turn

%: no passive effects
@: contaminated, glowing, studying Fire Magic, unable to drink
A: fangs 1, strong nose, distributed training, iridescent scales 1, dopey 2,
frail 2, screaming 1, teleportitis 1, subdued magic 1, inability to drink after
injury 1, devolution 2
}: 2/15 runes: serpentine, barnacled
a: Renounce Religion, Evoke Blink


You were on level 1 of the Depths.
You worshipped Vehumet.
Vehumet was exalted by your worship.
You visited 8 branches of the dungeon, and saw 38 of its levels.
You visited the Abyss 1 time.
You also visited: Trove, Bailey and Ice Cave.

You collected 4669 gold pieces.
You spent 4527 gold pieces at shops.

Inventory:

Hand Weapons
 c - a +3 vampiric war axe
 g - a +2 demon trident of flaming
 r - the +7 trident of Fudimm (weapon) {spect, +Blink}
   (You found it on level 1 of the Vaults)

   +Blink:    It lets you blink.
 s - the +7 hand axe "Nisetut" {speed, rElec Dex+2}
   (You took it off a deep elf annihilator on level 3 of the Elven Halls)

   Dex:       It affects your dexterity (+2).
   rElec:     It insulates you from electricity.
Missiles
 d - 9 boomerangs of dispersal
Armour
 f - the +7 Kryia's mail coat (worn) {PotionHeal*2 rC+}
   (You found it on level 1 of the Lair of Beasts)

   PotionHeal*2: Potions heal its wearer twice as much.
   rC:        It protects you from cold.
 j - a +2 hat of see invisible
 k - the +1 buckler of Charity (worn) {Str-3 Int+6}
   (You found it on level 4 of the Dungeon)

   Str:       It affects your strength (-3).
   Int:       It affects your intelligence (+6).
 u - a +2 cloak of stealth (worn)
 D - the +2 pair of gloves of the Ego (worn) {rElec rN++ Will- rCorr}
   (You found it in a bailey)

   rElec:     It insulates you from electricity.
   rN:        It greatly protects you from negative energy.
   rCorr:     It protects you from acid and corrosion.
   Will:      It decreases your willpower.
 F - a +1 kite shield of reflection
 G - a +0 pair of boots (worn)
 Q - a +2 hat of intelligence (worn)
Magical Staves
 i - the staff of air "Aseuguun" {+Blink rElec Str-4 SInv Stlth+}
   (You found it on level 3 of the Elven Halls)

   [staff of air]

   Base accuracy: +5 Base damage: 5 Base attack delay: 1.2 This weapon's minimum
   attack delay (0.6) is reached at skill level 12.
   Str:       It affects your strength (-4).
   rElec:     It insulates you from electricity.
   SInv:      It lets you see invisible.
   +Blink:    It lets you blink.
   Stlth:     It makes you more stealthy.
   It falls into the 'Staves' category.
   It is a one-handed weapon.
 U - the staff of fire "Cadoysy" {rF+ Str+3}
   (You found it on level 3 of the Elven Halls)

   [staff of fire]

   Base accuracy: +5 Base damage: 5 Base attack delay: 1.2 This weapon's minimum
   attack delay (0.6) is reached at skill level 12.
   Str:       It affects your strength (+3).
   rF:        It protects you from fire.
   It falls into the 'Staves' category.
   It is a one-handed weapon.
 W - a staff of earth
Jewellery
 l - the ring of Myim {*Corrode EV+5 Str+3 Dex+3}
   (You found it on level 2 of the Dungeon)

   [ring of evasion]

   EV:        It affects your evasion (+5).
   Str:       It affects your strength (+3).
   Dex:       It affects your dexterity (+3).
   *Corrode:  It may corrode you when you take damage.
 q - the ring "Faud" {rC+ Str+3 Dex+6}
   (You found it in a treasure trove)

   [ring of dexterity]

   Str:       It affects your strength (+3).
   Dex:       It affects your dexterity (+6).
   rC:        It protects you from cold.
 v - an amulet of magic regeneration (around neck)
 z - a ring of the Octopus King (right hand) {rF+ HP+2 AC+2 EV+2 SH+2}
   (You found it in a bailey)

   [ring of protection from fire]

   AC:        It affects your AC (+2).
   EV:        It affects your evasion (+2).
   rF:        It protects you from fire.
   HP:        It affects your health (+2).
   SH:        It affects your SH (+2).
 C - the ring "Qutiangu" (left hand) {rN+ rCorr Int+6 SInv}
   (You found it in a treasure trove)

   [ring of intelligence]

   Int:       It affects your intelligence (+6).
   rN:        It protects you from negative energy.
   SInv:      It lets you see invisible.
   rCorr:     It protects you from acid and corrosion.
 H - the amulet "Pagufun" {RegenMP Str-5 Dex+2 Slay+5}
   (You found it in a treasure trove)

   [amulet of magic regeneration]

   It increases your rate of magic regeneration.
   Str:       It affects your strength (-5).
   Dex:       It affects your dexterity (+2).
   Slay:      It affects your accuracy & damage with ranged weapons and melee
   (+5).
 R - an amulet of regeneration
Wands
 t - a wand of charming (9)
 y - a wand of digging (29)
 S - a wand of mindburst (31)
 T - a wand of iceblast (6)
 V - a wand of polymorph (5)
Scrolls
 b - 3 scrolls of fear
 e - 7 scrolls of amnesia
 h - 3 scrolls of fog
 o - 2 scrolls of poison
 A - 12 scrolls of teleportation
 B - a scroll of revelation
 L - 4 scrolls of summoning
 M - 5 scrolls of enchant armour
 O - a scroll of enchant weapon
 Y - 4 scrolls of blinking
Potions
 a - 7 potions of enlightenment
 n - 4 potions of might
 p - 5 potions of cancellation
 E - a potion of magic
 I - 2 potions of ambrosia
 J - 4 potions of brilliance
 K - 2 potions of haste
 X - 3 potions of berserk rage
Miscellaneous
 m - a condenser vane
 x - a phantom mirror


   Skills:
 + Level 15.9 Fighting
 + Level 15.9 Short Blades
 + Level 15.9 Long Blades
 + Level 15.9 Axes
 + Level 15.9 Maces & Flails
 + Level 15.9 Polearms
 + Level 15.9 Staves
 + Level 15.9 Ranged Weapons
 + Level 15.9 Throwing
 + Level 15.9 Armour
 + Level 16.5 Dodging
 + Level 16.4 Stealth
 + Level 15.9 Shields
 + Level 15.9 Unarmed Combat
 + Level 16.6 Spellcasting
 + Level 13.6 Conjurations
 + Level 13.6 Hexes
 + Level 13.6 Summonings
 + Level 13.6 Necromancy
 + Level 13.6 Translocations
 + Level 13.6 Transmutations
 + Level 16.8 Fire Magic
 + Level 15.1 Ice Magic
 + Level 13.6 Air Magic
 + Level 13.6 Earth Magic
 + Level 13.6 Poison Magic
 + Level 17.3 Invocations
 + Level 15.9 Evocations


You had 13 spell levels left.
You knew the following spells:

 Your Spells              Type           Power      Damage    Failure   Level
a - Freeze                Ice            100%       1d10      0%          1
b - Frozen Ramparts       Ice            100%       1d16      1%          3
c - Ozocubu's Armour      Ice            81%        N/A       1%          3
d - Summon Ice Beast      Ice/Summ       79%        N/A       1%          4
e - Blink                 Tloc           100%       N/A       1%          2
f - Sandblast             Erth           100%       2d20      0%          1
g - Irradiate             Conj/Tmut      38%        3d24      1%          5
h - Arcjolt               Conj/Air       38%        1d48      1%          5
i - Sublimation of Blood  Necr           77%        N/A       1%          2
j - Freezing Cloud        Conj/Ice/Air   39%        6-21      1%          5
k - Iskenderun's Battles  Conj           77%        2d13      1%          5
l - Summon Cactus Giant   Summ           38%        N/A       6%          6

Your spell library contained the following spells:

 Spells                   Type           Power      Damage    Failure   Level
 Lehudib's Crystal Spear  Conj/Erth      38%        10d10     56%         8
 Fire Storm               Conj/Fire      40%        8d10      99%         9
 Shatter                  Erth           38%        3d30*     100%        9
 Kiss of Death            Conj/Necr      100%       2d13      0%          1
 Magic Dart               Conj           100%       1d8       0%          1
 Scorch                   Fire           100%       2d9       0%          2
 Apportation              Tloc           100%       N/A       1%          1
 Necrotise                Necr           100%       1d9       1%          1
 Sting                    Tmut/Pois      100%       1d8       1%          1
 Summon Small Mammal      Summ           100%       N/A       1%          1
 Call Imp                 Summ           100%       N/A       1%          2
 Cigotuvi's Dreadful Rot  Necr/Pois/Air  100%       N/A       1%          2
 Ensorcelled Hibernation  Hex/Ice        100%       N/A       1%          2
 Lesser Beckoning         Tloc           100%       N/A       1%          2
 Momentum Strike          Conj/Tloc      100%       3d10      1%          2
 Poisonous Vapours        Pois/Air       100%       N/A       1%          2
 Confusing Touch          Hex            77%        N/A       1%          3
 Hailstorm                Conj/Ice       79%        3d16      1%          3
 Mephitic Cloud           Conj/Pois/Air  77%        N/A       1%          3
 Spider Form              Tmut/Pois      77%        N/A       1%          3
 Volatile Blastmotes      Fire/Tloc      100%       2d18      1%          3
 Anguish                  Hex/Necr       38%        N/A       1%          4
 Dispel Undead            Necr           77%        3d25      1%          4
 Flame Wave               Conj/Fire      81%        2d18      1%          4
 Fulminant Prism          Conj/Hex       38%        3d18      1%          4
 Ice Form                 Ice/Tmut       79%        N/A       1%          4
 Iskenderun's Mystic Bla  Conj/Tloc      77%        2d15      1%          4
 Olgreb's Toxic Radiance  Pois           77%        N/A       1%          4
 Petrify                  Tmut/Erth      77%        N/A       1%          4
 Alistair's Intoxication  Tmut/Pois      51%        N/A       1%          5
 Blade Hands              Tmut           38%        N/A       1%          5
 Borgnjor's Vile Clutch   Necr/Erth      38%        N/A       1%          5
 Lee's Rapid Deconstruct  Erth           38%        3d19*     1%          5
 Eringya's Noxious Bog    Tmut/Pois      38%        N/A       1%          6
 Leda's Unmaking          Conj/Erth      38%        9d7       1%          6
 Simulacrum               Ice/Necr       39%        N/A       4%          6
 Ozocubu's Refrigeration  Ice            40%        4d16      5%          7
 Death Channel            Necr           38%        N/A       6%          6
 Spellforged Servitor     Conj/Summ      38%        N/A       10%         7
 Dragon Form              Tmut           38%        N/A       34%         7
 Storm Form               Tmut/Air       38%        N/A       34%         7
 Maxwell's Capacitive Co  Air            38%        ∞         56%         8


Dungeon Overview and Level Annotations

Branches:
Dungeon (15/15)            Temple (0/1) D:7            Lair (5/5) D:10
 Shoals (4/4) Lair:3        Snake (4/4) Lair:3          Orc (2/2) D:10
    Elf (3/3) Orc:2        Vaults (4/5) D:13          Crypt (0/3) Vaults:3
 Depths (1/4) D:15         Bailey (visited)           IceCv (visited)
  Slime: Lair:4-5

Altars:
Ashenzari
Cheibriados
Fedhas
Gozag
Hepliaklqana
Nemelex Xobeh
Qazlal
Vehumet
Wu Jian
Yredelemnul
Zin
The Shining One

Shops:
D:2 *   D:3 (   D:7 *   D:8 *(   D:10 !   D:12 *   D:14 :   Orc:1 ?
Orc:2 =([[   Elf:1 *:==   Elf:3 :=   Shoals:2 !   Snake:1 [   Snake:2 [
Vaults:4 *

Annotations:
D:8 2 transporters, exclusion: orange crystal statue
Lair:5 knightboat's ghost, journeyman TeMo
Elf:2 3 runed translucent doors


Innate Abilities, Weirdness & Mutations

You have very sharp teeth.
Your uncanny sense of smell can sniff out nearby items.
Your experience applies equally to all skills.
You are partially covered in iridescent scales. (AC +2)
You are very dopey. (Int -4)
You are very frail. (-20% HP)
You occasionally shout uncontrollably at your foes.
You are occasionally teleported next to monsters.
Your spells are a little easier to cast, but a little less powerful.
You occasionally lose the ability to drink potions when taking damage.
You have terrible hidden genetic defects.


Message History

Casting: Arcjolt (mildly dangerous; 1% risk of failure)
Confirm with . or Enter, or press ? or * to list all spells.
Electricity surges outward!
The brown very ugly thing is struck by an electric surge!
The brown very ugly thing is lightly wounded.
The brown very ugly thing is struck by an electric surge!
You kill the brown very ugly thing!
Vehumet accepts your kill.
You feel your power returning.
The spriggan berserker invokes Trog's protection!
The brown very ugly thing misses you.
Casting: Arcjolt (mildly dangerous; 1% risk of failure)
Confirm with . or Enter, or press ? or * to list all spells.
Electricity surges outward!
The brown very ugly thing is struck by an electric surge.
The brown very ugly thing is lightly wounded.
The brown very ugly thing barely misses you.
Casting: Arcjolt (mildly dangerous; 1% risk of failure)
Confirm with . or Enter, or press ? or * to list all spells.
You erupt in a fountain of uncontrolled magic!
The brown very ugly thing is blasted with magical radiation!!
The brown very ugly thing is heavily wounded.
The brown very ugly thing basks in the mutagenic energy and changes!
You are contaminated with residual magic.
The white very ugly thing barely misses you.
Casting: Irradiate (mildly dangerous; 1% risk of failure)
Confirm with . or Enter, or press ? or * to list all spells.
You erupt in a fountain of uncontrolled magic!
The white very ugly thing is blasted with magical radiation!!!
The white very ugly thing is almost dead.
You block the white very ugly thing's attack.
Casting: Irradiate (mildly dangerous; 1% risk of failure)
Confirm with . or Enter, or press ? or * to list all spells.
You don't have enough magic to cast this spell.
The spriggan berserker utters an invocation to Trog.
The polar bear goes berserk!
The white very ugly thing gores you!
* * * LOW HITPOINT WARNING * * *
The white very ugly thing freezes you!! You resist.
You feel threatened and lose the ability to drink potions!
You die...

...........§§..
......§.§§.....
........§§☼§...
.....≈≈.§§°§...
....≈≈≈≈§§§....
.....≈§§§§.§...
......≈≈≈......
.....Cu@†......
......i.§......
.##.h...≈§.....
....#.#.§......
... .##........
.. .. .........
# .# .........
## .........


You could see a white very ugly thing, an ettin, a spriggan berserker
(regenerating, strong-willed) and a polar bear (summoned, berserk).

Vanquished Creatures
  Mara (Snake:4)
  Xtahua (Vaults:4)
  Rupert (D:13)
  Jorgrun (Shoals:3)
  3 liches
  A titan (Shoals:4)
  Mlioglotl (Snake:4)
  Asterion (Elf:3)
  2 deep elf master archers (Elf:3)
  2 deep elf blademasters (Elf:3)
  5 tentacled starspawn (Abyss:3)
  A tengu reaver (Vaults:1)
  Kirke (D:15)
  5 nagarajas
  11 vault wardens
  3 deep elf sorcerers (Elf:3)
  An orc warlord (Orc:2)
  6 deep elf elementalists (Elf:3)
  A stone giant (Depths:1)
  15 ironbound preservers
  A war gargoyle (Vaults:4)
  9 ironbound thunderhulks
  2 very ugly things (Depths:1)
  Nessos (D:13)
  2 formless jellyfish (Vaults:3)
  7 deep elf demonologists
  A dire elephant (Vaults:3)
  6 deep elf annihilators (Elf:3)
  2 deep elf death magi
  3 crystal guardians
  2 fire dragons
  7 merfolk javelineers
  3 deep elf high priests (Elf:3)
  11 merfolk impalers
  An entropy weaver (Vaults:2)
  9 yaktaur captains
  5 hydras
  7 great orbs of eyes
  2 ice dragons (Depths:1)
  A rakshasa (D:14)
  4 salamander tyrants
  3 peacekeepers
  7 vault guards
  11 ironbound frosthearts
  6 merfolk aquamancers
  5 merfolk avatars
  3 alligator snapping turtles
  5 anacondas
  6 centaur warriors
  2 two-headed ogres
  A tengu warrior (D:14)
  18 dancing weapons
  5 boulder beetles
  A satyr (Shoals:3)
  A deep troll earth mage (Vaults:4)
  15 naga sharpshooters
  Urug (D:13)
  15 naga warriors
  5 shock serpents
  4 large abominations (Abyss:3)
  A fire crab (shapeshifter) (D:15)
  A soul eater (Abyss:3)
  6 skeletal warriors
  A wretched star (Abyss:3)
  Sonja (D:13)
  15 deep elf knights
  A fire crab (Lair:5)
  An iron troll (Vaults:4)
  4 salamander mystics
  A death drake (shapeshifter) (D:13)
  3 glowing orange brains
  15 sea snakes
  A sea snake (shapeshifter) (Vaults:1)
  8 skysharks
  A flayed ghost (Depths:1)
  Lodul (D:14)
  45 deep trolls
  15 deep elf archers
  11 wizards
  8 naga ritualists
  6 lindwurms
  28 deep elf pyromancers
  Pikel (D:6)
  39 deep elf zephyrmancers
  20 ironbound convokers
  2 orc knights
  7 mana vipers
  26 harpies
  3 necromancers
  A wolf spider (D:14)
  3 wolf spider zombies
  7 cyclopes
  A tengu skeleton (Vaults:3)
  4 orc sorcerers
  A worldbinder (Abyss:3)
  32 ugly things
  21 fauns
  A sphinx skeleton (Vaults:3)
  10 manticores
  A shining eye (shapeshifter) (Vaults:4)
  13 merfolk sirens
  16 salamanders
  A stone giant skeleton (Vaults:3)
  19 naga magi
  Maurice (D:11)
  12 vault sentinels
  6 elephants
  4 centaur zombies (D:13)
  8 water nymphs
  A frost giant skeleton (Vaults:3)
  A molten gargoyle (Lair:5)
  32 black mambas
  An ice statue (IceCv)
  12 cane toads
  An orange demon (Abyss:3)
  3 guardian serpents
  13 centaur skeletons
  A hellion (Abyss:3)
  A gargoyle (D:11)
  7 freezing wraiths
  A rime drake (shapeshifter) (Elf:1)
  5 rime drakes
  47 yaktaurs
  3 anaconda simulacra (IceCv)
  9 komodo dragons
  10 ice devils (IceCv)
  A tengu conjurer (D:14)
  2 yaktaur skeletons (Vaults:3)
  An efreet (D:14)
  9 trolls
  46 merfolk
  3 polar bears
  4 meliai
  A tarantella (shapeshifter) (D:14)
  16 blink frogs
  14 wind drakes
  5 dream sheep
  5 snapping turtles
  A snapping turtle (shapeshifter) (Elf:3)
  A culicivora (Vaults:2)
  A jumping spider (Vaults:2)
  Sigmund (D:4)
  An ettin skeleton (Vaults:4)
  11 air elementals
  A vampire (D:10)
  4 flying skulls (D:13)
  16 slime creatures
  19 water elementals
  An elf skeleton (Vaults:3)
  4 shadows
  A dire elephant simulacrum (IceCv)
  4 basilisks
  3 wraiths
  2 hogs (D:15)
  A redback (Vaults:2)
  5 wyverns
  38 yaks
  16 humans (D:13)
  9 vampire mosquitoes
  A neqoxec (Abyss:3)
  A harpy simulacrum (IceCv)
  6 death yak simulacra (IceCv)
  3 wargs
  45 nagas
  9 hell hounds
  An ogre skeleton (Vaults:3)
  7 nameless horrors
  13 water moccasins
  2 glowing shapeshifter skeletons
  2 ice beasts
  37 orc warriors
  3 small abominations (Abyss:3)
  17 ogres
  6 boggarts
  6 centaurs
  8 wolves
  A phantom (D:5)
  2 kobold brigands
  A lemure (D:6)
  2 gnoll sergeants
  Blork the orc (Orc:1)
  13 bullfrogs
  3 earth elementals
  6 human skeletons
  2 scorpions (D:5)
  A two-headed ogre simulacrum (IceCv)
  6 cane toad simulacra (IceCv)
  7 wights
  5 elephant simulacra (IceCv)
  6 wolf zombies (Bailey)
  2 electric eels
  7 vampire bats (Bailey)
  A howler monkey (D:8)
  A human simulacrum (Vaults:4)
  5 lava snakes (Lair:5)
  18 orc priests
  7 starcursed masses (Abyss:3)
  2 gnoll boudas
  3 hounds
  2 jellies
  3 iguanas
  A sleepcap (D:7)
  31 orc wizards
  2 hell rats (Lair:4)
  A troll simulacrum (IceCv)
  A spriggan simulacrum (IceCv)
  3 wolf simulacra (IceCv)
  A boggart simulacrum (D:15)
  3 adders
  2 river rats (Lair:4)
  13 gnolls
  A naga simulacrum (IceCv)
  2 worms
  2 dart slugs
  101 orcs
  10 ball pythons
  8 endoplasms
  8 giant cockroaches
  11 hobgoblins
  3 jackals (D:1)
  A quokka (D:3)
  A bat (D:2)
  4 frilled lizards
  10 goblins
  13 kobolds
  19 orc zombies (Bailey)
  11 rats
  7 spectral weapons
  2 starspawn tentacles (Abyss:3)
1638 creatures vanquished.

Vanquished Creatures (collateral kills)
  A vault warden (Vaults:2)
  A deep elf elementalist (Elf:2)
  An ironbound preserver (Vaults:2)
  A red draconian (Abyss:3)
  3 deep elf annihilators
  4 deep elf death magi (Elf:3)
  A great orb of eyes (Vaults:3)
  A merfolk avatar (Shoals:2)
  A tengu warrior (D:14)
  A catoblepas (Lair:4)
  A two-headed ogre (D:8)
  A dancing weapon (Elf:2)
  A large abomination (Abyss:3)
  A deep elf knight (Elf:3)
  2 ironbound convokers
  A lindwurm (Vaults:4)
  2 deep trolls (Vaults:2)
  2 deep elf pyromancers (Elf:2)
  A harpy (Shoals:2)
  3 deep elf zephyrmancers
  A shadow dragon skeleton (Vaults:3)
  A black mamba (Lair:5)
  A molten gargoyle (Lair:5)
  A gargoyle (Bailey)
  A tengu conjurer (D:14)
  A slime creature (Vaults:4)
  A flying skull (Abyss:3)
  A wyvern (Lair:4)
  2 air elementals (Elf:1)
  A yak (Lair:4)
  A fire elemental (Elf:1)
  A basilisk (Lair:5)
  A vampire mosquito (D:13)
  A water moccasin (Lair:1)
  2 nameless horrors
  A hell hound (Abyss:3)
  An orc warrior (D:10)
  A centaur (D:8)
  A phantom (D:5)
  A two-headed ogre simulacrum (IceCv)
  A wight (D:8)
  2 electric eels (Lair:1)
  A quasit (Abyss:3)
  3 starcursed masses (Abyss:3)
  Crazy Yiuf (D:4)
  An orc wizard (D:13)
  A hell rat (Lair:4)
  An adder (D:5)
  A naga simulacrum (IceCv)
  A dart slug (D:5)
  5 orcs
  2 goblins
  A rat (Lair:4)
73 creatures vanquished.

Vanquished Creatures (others)
  4 deep elf zephyrmancers
  A komodo dragon (D:8)
  2 humans (D:15)
  12 spectral weapons
  8 starspawn tentacles (Abyss:3)
27 creatures vanquished.

Grand Total: 1738 creatures vanquished

Notes
Turn   | Place    | Note
-------+----------+-------------------------------------------
     0 | D:1      | AlmostDecent the Gnoll Ice Elementalist began the quest for
                  | the Orb.
     0 | D:1      | Reached XP level 1. HP: 13/13 MP: 6/6
   143 | D:1      | Reached XP level 2. HP: 17/19 MP: 3/7
   766 | D:1      | Reached skill level 5 in Spellcasting
   766 | D:1      | Reached XP level 3. HP: 25/25 MP: 5/9
   770 | D:1      | Learned a level 3 spell: Frozen Ramparts
   774 | D:1      | Learned a level 3 spell: Ozocubu's Armour
  1060 | D:2      | Reached skill level 1 in Invocations
  1269 | D:2      | Identified the ring of Myim {*Corrode EV+5 Str+3 Dex+3}
  1290 | D:2      | Reached skill level 1 in Fighting
  1290 | D:2      | Reached skill level 1 in Short Blades
  1290 | D:2      | Reached skill level 1 in Long Blades
  1290 | D:2      | Reached skill level 1 in Axes
  1290 | D:2      | Reached skill level 1 in Maces & Flails
  1290 | D:2      | Reached skill level 1 in Polearms
  1290 | D:2      | Reached skill level 1 in Staves
  1290 | D:2      | Reached skill level 1 in Ranged Weapons
  1290 | D:2      | Reached skill level 1 in Throwing
  1290 | D:2      | Reached skill level 1 in Armour
  1290 | D:2      | Reached skill level 1 in Shields
  1290 | D:2      | Reached skill level 1 in Unarmed Combat
  1290 | D:2      | Reached skill level 1 in Evocations
  1361 | D:2      | Found Yclan's Assorted Antiques.
  1366 | D:2      | Bought a scroll labelled EMUFOTHRU VIOM for 23 gold pieces
  1366 | D:2      | Bought a scroll labelled QYL UKHEACKOAGG for 23 gold pieces
  1405 | D:2      | Reached XP level 4. HP: 32/32 MP: 6/11
  1497 | D:2      | Found a faded altar of an unknown god.
  2073 | D:3      | Found Copeozeu's Weapon Shop.
  2293 | D:3      | Reached skill level 1 in Conjurations
  2293 | D:3      | Reached skill level 1 in Hexes
  2293 | D:3      | Reached skill level 1 in Summonings
  2293 | D:3      | Reached skill level 1 in Necromancy
  2293 | D:3      | Reached skill level 1 in Translocations
  2293 | D:3      | Reached skill level 1 in Transmutations
  2293 | D:3      | Reached skill level 1 in Fire Magic
  2293 | D:3      | Reached skill level 1 in Air Magic
  2293 | D:3      | Reached skill level 1 in Earth Magic
  2293 | D:3      | Reached skill level 1 in Poison Magic
  2955 | D:3      | Reached XP level 5. HP: 37/37 MP: 10/12
  3297 | D:4      | Noticed Sigmund
  3313 | D:4      | Killed Sigmund
  3314 | D:4      | Reached skill level 5 in Dodging
  3314 | D:4      | Reached skill level 2 in Invocations
  3314 | D:4      | Reached XP level 6. HP: 44/44 MP: 8/14
  3585 | D:4      | Identified the +1 buckler of Charity {Str-3 Int+6}
  3795 | D:4      | Found a runed translucent door.
  3796 | D:4      | Noticed Crazy Yiuf
  3806 | D:4      | Learned a level 4 spell: Summon Ice Beast
  3808 | D:4      | Killed Crazy Yiuf
  3907 | D:5      | Entered Level 5 of the Dungeon
  3921 | D:5      | Found a broken altar of Ashenzari.
  4004 | D:5      | Reached XP level 7. HP: 51/51 MP: 12/15
  4039 | D:5      | Found a radiant altar of Vehumet.
  4048 | D:5      | Became a worshipper of Vehumet
  4213 | D:5      | Reached skill level 5 in Stealth
  4223 | D:5      | Reached skill level 3 in Invocations
  4362 | D:5      | Reached XP level 8. HP: 58/58 MP: 8/16
  4499 | D:5      | Found a snail-covered altar of Cheibriados.
  4832 | D:5      | Found an ornate altar of the Wu Jian Council.
  5043 | D:6      | Learned a level 2 spell: Blink
  5280 | D:6      | Noticed Pikel
  5298 | D:6      | Killed Pikel
  5299 | D:6      | Reached skill level 4 in Invocations
  5581 | D:6      | Reached XP level 9. HP: 65/65 MP: 14/18
  5605 | D:6      | Reached * piety under Vehumet
  5605 | D:6      | Offered knowledge of Foxfire by Vehumet.
  6086 | D:7      | Found a glowing silver altar of Zin.
  6087 | D:7      | Found Zin's Purification Station.
  6138 | D:7      | Identified the +4 quarterstaff "Teorokim" {flame, Will+}
  6440 | D:7      | Found a staircase to the Ecumenical Temple.
  6923 | D:7      | Gained mutation: You are partially covered in large bone
                  | plates. (SH +4) [potion of mutation]
  6923 | D:7      | Gained mutation: You are strong-willed. (Will+) [potion of
                  | mutation]
  6923 | D:7      | Gained mutation: You occasionally lose the ability to drink
                  | potions when taking damage. [potion of mutation]
  6923 | D:7      | Gained mutation: You are mostly covered in large bone
                  | plates. (SH +6) [potion of mutation]
  6979 | D:8      | Found a flagged portal.
  6983 | D:8      | Noticed a two-headed ogre
  6996 | D:8      | Killed a two-headed ogre
  6997 | D:8      | Reached skill level 5 in Invocations
  7006 | Bailey   | Entered a bailey
  7179 | Bailey   | Reached ** piety under Vehumet
  7396 | Bailey   | Offered knowledge of Sandblast by Vehumet.
  7463 | Bailey   | Learned a level 1 spell: Sandblast
  7499 | Bailey   | Reached skill level 5 in Fighting
  7499 | Bailey   | Reached skill level 5 in Short Blades
  7499 | Bailey   | Reached skill level 5 in Long Blades
  7499 | Bailey   | Reached skill level 5 in Axes
  7499 | Bailey   | Reached skill level 5 in Maces & Flails
  7499 | Bailey   | Reached skill level 5 in Polearms
  7499 | Bailey   | Reached skill level 5 in Staves
  7499 | Bailey   | Reached skill level 5 in Ranged Weapons
  7499 | Bailey   | Reached skill level 5 in Throwing
  7499 | Bailey   | Reached skill level 5 in Armour
  7499 | Bailey   | Reached skill level 5 in Shields
  7499 | Bailey   | Reached skill level 5 in Unarmed Combat
  7499 | Bailey   | Reached skill level 5 in Evocations
  7499 | Bailey   | Reached XP level 10. HP: 72/74 MP: 12/20
  7666 | Bailey   | Noticed a gargoyle
  7682 | Bailey   | Killed a gargoyle
  7832 | Bailey   | Found the ring of the Octopus King
  7915 | Bailey   | Identified a ring of the Octopus King {rF+ HP+2 AC+2 EV+2
                  | SH+2}
  7921 | Bailey   | Identified the +2 pair of gloves of the Ego {rElec rN++
                  | Will- rCorr}
  7972 | D:8      | Offered knowledge of Static Discharge by Vehumet.
  8192 | D:8      | Reached *** piety under Vehumet
  8248 | D:8      | Noticed a gargoyle
  8251 | D:8      | Found a transporter.
  8251 | D:8      | Noticed an orange crystal statue
  8252 | D:8      | Noticed a skeletal warrior
  8257 | D:8      | Noticed a manticore
  8268 | D:8      | Found a transporter.
  8302 | D:8      | Found Danaxise's Antique Weapon Emporium.
  8347 | D:8      | Found Gozag's Platinum Reserve.
  8351 | D:8      | Found an opulent altar of Gozag.
  8536 | D:8      | Found a sparkling altar of Nemelex Xobeh.
  8738 | D:8      | Reached skill level 5 in Conjurations
  8738 | D:8      | Reached skill level 5 in Hexes
  8738 | D:8      | Reached skill level 5 in Summonings
  8738 | D:8      | Reached skill level 5 in Necromancy
  8738 | D:8      | Reached skill level 5 in Translocations
  8738 | D:8      | Reached skill level 5 in Transmutations
  8738 | D:8      | Reached skill level 5 in Fire Magic
  8738 | D:8      | Reached skill level 5 in Air Magic
  8738 | D:8      | Reached skill level 5 in Earth Magic
  8738 | D:8      | Reached skill level 5 in Poison Magic
  8738 | D:8      | Reached skill level 7 in Invocations
  8738 | D:8      | Reached XP level 11. HP: 83/83 MP: 21/23
  9674 | D:10     | Entered Level 10 of the Dungeon
  9676 | D:10     | Found Lixiliuss's Distillery.
  9846 | D:10     | Found a staircase to the Orcish Mines.
  9893 | D:10     | Offered knowledge of Inner Flame by Vehumet.
 10245 | D:10     | Noticed an eight-headed hydra
 10271 | D:10     | Killed an eight-headed hydra
 10438 | D:10     | Found a glowing golden altar of the Shining One.
 10440 | D:10     | Noticed an angel
 10499 | D:10     | Reached **** piety under Vehumet
 10550 | D:10     | Found a staircase to the Lair.
 10692 | D:10     | Found a basalt altar of Yredelemnul.
 10998 | D:11     | Reached XP level 12. HP: 91/91 MP: 14/24
 11140 | D:11     | Offered knowledge of Hailstorm by Vehumet.
 11141 | D:11     | Reached skill level 8 in Invocations
 11530 | D:11     | Noticed a boulder beetle
 11536 | D:11     | Noticed Maurice
 11572 | D:11     | Killed a boulder beetle
 11590 | D:11     | Killed Maurice
 12080 | Lair:1   | Entered Level 1 of the Lair of Beasts
 12256 | Lair:1   | Found the +7 Kryia's mail coat {PotionHeal*2 rC+}
 12517 | Lair:1   | Learned a level 5 spell: Irradiate
 12713 | Lair:1   | Found a frozen archway.
 12726 | IceCv    | Entered an ice cave
 12839 | IceCv    | Found an ancient bone altar of Kikubaaqudgha.
 13420 | IceCv    | Reached ***** piety under Vehumet
 13444 | IceCv    | Offered knowledge of Leda's Unmaking by Vehumet.
 13564 | IceCv    | Reached skill level 9 in Invocations
 13564 | IceCv    | Reached XP level 13. HP: 36/98 MP: 0/26
 13646 | IceCv    | Reached skill level 10 in Ice Magic
 15610 | Lair:2   | Reached skill level 10 in Spellcasting
 16166 | Lair:2   | Identified a scroll of acquirement
 16167 | Lair:2   | Acquired 542 gold pieces
 17071 | Lair:3   | Lost mutation: You occasionally lose the ability to drink
                  | potions when taking damage. [potion of mutation]
 17071 | Lair:3   | Lost mutation: You are strong-willed. (Will+) [potion of
                  | mutation]
 17071 | Lair:3   | Lost mutation: You are mostly covered in large bone plates.
                  | (SH +6) [potion of mutation]
 17086 | Lair:3   | Found a staircase to the Snake Pit.
 17096 | Lair:3   | Reached skill level 10 in Dodging
 17670 | Lair:3   | Found a staircase to the Shoals.
 17865 | Lair:4   | Reached skill level 10 in Stealth
 18257 | Lair:4   | Reached skill level 10 in Invocations
 18305 | Lair:4   | Reached XP level 14. HP: 108/108 MP: 25/28
 19174 | Lair:5   | Entered Level 5 of the Lair of Beasts
 19254 | Lair:4   | Upgraded the game from 0.31-a0-164-g2312942fda to
                  | 0.31-a0-167-g1c394c0614
 19309 | Lair:5   | Offered knowledge of Arcjolt by Vehumet.
 19316 | Lair:5   | Learned a level 5 spell: Arcjolt
 19597 | Lair:5   | Found a runed translucent door.
 19603 | Lair:5   | Noticed knightboat's ghost (journeyman TeMo)
 19804 | Lair:4   | Gained mutation: Your muscles are strong. (Str +4, Int/Dex
                  | -1) [mutagenic glow]
 20020 | Lair:5   | Identified the +0 ring mail of Fortification {-Cast rC+
                  | Str+4}
 20705 | Lair:5   | Found a large runed translucent door.
 20706 | Lair:5   | Found a large runed translucent door.
 20992 | Orc:1    | Entered Level 1 of the Orcish Mines
 21046 | Orc:1    | Found Ihis Vai's Magic Scroll Shoppe.
 21072 | Orc:1    | Bought a scroll of blinking for 105 gold pieces
 21072 | Orc:1    | Bought a scroll of identify for 28 gold pieces
 21074 | Orc:1    | Bought a scroll of identify for 28 gold pieces
 21142 | Orc:1    | Noticed Blork the orc
 21149 | Orc:1    | Killed Blork the orc
 21495 | Orc:2    | Entered Level 2 of the Orcish Mines
 21722 | Orc:2    | Found Duxzuuss's Jewellery Boutique.
 21799 | Orc:2    | Found Noweilla's Antique Armour Shop.
 21872 | Orc:2    | Found a staircase to the Elven Halls.
 21920 | Orc:2    | Reached skill level 10 in Fighting
 21920 | Orc:2    | Reached skill level 10 in Short Blades
 21920 | Orc:2    | Reached skill level 10 in Long Blades
 21920 | Orc:2    | Reached skill level 10 in Axes
 21920 | Orc:2    | Reached skill level 10 in Maces & Flails
 21920 | Orc:2    | Reached skill level 10 in Polearms
 21920 | Orc:2    | Reached skill level 10 in Staves
 21920 | Orc:2    | Reached skill level 10 in Ranged Weapons
 21920 | Orc:2    | Reached skill level 10 in Throwing
 21920 | Orc:2    | Reached skill level 10 in Armour
 21920 | Orc:2    | Reached skill level 10 in Shields
 21920 | Orc:2    | Reached skill level 10 in Unarmed Combat
 21920 | Orc:2    | Reached skill level 10 in Evocations
 22086 | Orc:2    | Offered knowledge of Fireball by Vehumet.
 22218 | Orc:2    | Noticed an orc warlord
 22228 | Orc:2    | Reached skill level 11 in Invocations
 22245 | Orc:2    | Killed an orc warlord
 22246 | Orc:2    | Reached XP level 15. HP: 81/115 MP: 1/30
 22298 | Orc:2    | Found Omajijag's Antique Weapon Shoppe.
 22302 | Orc:2    | Found Dootot's Antique Armour Emporium.
 22737 | Orc:2    | Bought a blackened orb for 364 gold pieces
 22737 | Orc:2    | Identified the orb of the Trout {light, Rampage rN+ Int+2
                  | Dex+4} (You bought it in a shop on level 2 of the Orcish
                  | Mines)
 22743 | Orc:2    | Bought a warped sling for 136 gold pieces
 22743 | Orc:2    | Identified the +1 sling of Courage {drain, Int+3} (You
                  | bought it in a shop on level 2 of the Orcish Mines)
 22743 | Orc:2    | Bought a pitted longbow for 241 gold pieces
 22743 | Orc:2    | Identified the +1 longbow of Niocoz {speed, Str+2} (You
                  | bought it in a shop on level 2 of the Orcish Mines)
 22785 | Orc:2    | Bought a transparent chain mail for 199 gold pieces
 22785 | Orc:2    | Identified the +1 chain mail "Neniwuh" {rF++ Str+3} (You
                  | bought it in a shop on level 2 of the Orcish Mines)
 22895 | D:12     | Found a blossoming altar of Fedhas.
 23068 | D:12     | Found Bevuat's Assorted Antiques.
 23252 | Orc:2    | Bought an amulet of regeneration for 360 gold pieces
 23654 | D:12     | Found a portal to a secret trove of treasure.
 23767 | D:13     | Noticed Urug
 23767 | D:13     | Noticed Rupert
 23767 | D:13     | Noticed Nessos
 23767 | D:13     | Found a gate to the Vaults.
 23803 | D:13     | Noticed Sonja
 23809 | D:13     | Offered knowledge of Orb of Destruction by Vehumet.
 23813 | D:13     | Killed Sonja
 23846 | D:13     | You fall into a shaft and drop 2 floors!
 23846 | D:15     | Entered Level 15 of the Dungeon
 23862 | D:14     | Found Soajopn's Book Emporium.
 23906 | D:14     | Learned a level 2 spell: Sublimation of Blood
 24240 | D:14     | Noticed Lodul
 24257 | D:14     | Killed Lodul
 24622 | D:14     | Bought a manual of Fire Magic for 1040 gold pieces
 25010 | D:13     | Offered knowledge of Freezing Cloud by Vehumet.
 25010 | D:13     | Reached ****** piety under Vehumet
 25027 | D:13     | Learned a level 5 spell: Freezing Cloud
 25408 | D:13     | Killed Urug
 25557 | D:13     | Killed Nessos
 26368 | D:13     | Paralysed by Rupert for 3 turns
 26377 | D:13     | Killed Rupert
 26378 | D:13     | Reached XP level 16. HP: 103/124 MP: 20/32
 26926 | D:15     | Reached skill level 12 in Invocations
 27000 | D:15     | Noticed Kirke
 27010 | D:15     | Killed Kirke
 27509 | D:15     | Found a staircase to the Depths.
 27526 | D:15     | Reached skill level 10 in Fire Magic
 27921 | Snake:1  | Entered Level 1 of the Snake Pit
 28376 | Snake:1  | Found a hazy altar of Hepliaklqana.
 28425 | Snake:1  | Found Perseus's Dragon-Slaying Spoils.
 28622 | Snake:1  | Offered knowledge of Iskenderun's Battlesphere by Vehumet.
 28629 | Snake:1  | Learned a level 5 spell: Iskenderun's Battlesphere
 30027 | Snake:2  | Found Uzolimac's Antique Armour Shop.
 30475 | Snake:3  | Noticed a nagaraja
 30482 | Snake:3  | Killed a nagaraja
 30714 | Snake:3  | Reached XP level 17. HP: 127/133 MP: 27/33
 30762 | Snake:3  | Reached skill level 10 in Conjurations
 30762 | Snake:3  | Reached skill level 10 in Hexes
 30762 | Snake:3  | Reached skill level 10 in Summonings
 30762 | Snake:3  | Reached skill level 10 in Necromancy
 30762 | Snake:3  | Reached skill level 10 in Translocations
 30762 | Snake:3  | Reached skill level 10 in Transmutations
 30762 | Snake:3  | Reached skill level 10 in Air Magic
 30762 | Snake:3  | Reached skill level 10 in Earth Magic
 30762 | Snake:3  | Reached skill level 10 in Poison Magic
 30807 | Snake:3  | Offered knowledge of Starburst by Vehumet.
 31539 | Snake:4  | Entered Level 4 of the Snake Pit
 31577 | Snake:4  | Reached skill level 13 in Invocations
 31720 | Snake:4  | Noticed Mara
 31727 | Snake:4  | Noticed AlmostDecent's illusion
 31749 | Snake:4  | Killed Mara
 31830 | Snake:4  | Found an opulent altar of Gozag.
 32806 | Snake:4  | Noticed Mlioglotl
 32816 | Snake:4  | Killed Mlioglotl
 33441 | Snake:4  | Got a serpentine rune of Zot
 33522 | Snake:4  | Offered knowledge of Lehudib's Crystal Spear by Vehumet.
 33522 | Snake:4  | Offered knowledge of Fire Storm by Vehumet.
 33522 | Snake:4  | Offered knowledge of Shatter by Vehumet.
 33850 | Shoals:1 | Entered Level 1 of the Shoals
 33880 | Shoals:1 | Reached XP level 18. HP: 97/141 MP: 22/35
 35267 | Shoals:2 | Found Upi Kugh's Distillery.
 35277 | Shoals:2 | Bought a potion of heal wounds for 60 gold pieces
 35277 | Shoals:2 | Bought a potion of curing for 36 gold pieces
 35277 | Shoals:2 | Bought a potion of resistance for 120 gold pieces
 35277 | Shoals:2 | Bought a potion of brilliance for 48 gold pieces
 35728 | Shoals:3 | Reached skill level 14 in Invocations
 36155 | Shoals:3 | Noticed Jorgrun
 36164 | Shoals:3 | Killed Jorgrun
 36749 | Shoals:4 | Entered Level 4 of the Shoals
 36972 | Shoals:4 | Paralysed by an air elemental for 1 turns
 36987 | Shoals:4 | Reached XP level 19. HP: 149/149 MP: 37/37
 37119 | Shoals:4 | Found a stormy altar of Qazlal.
 37126 | Shoals:4 | Paralysed by an air elemental for 1 turns
 37845 | Shoals:4 | Paralysed by an air elemental for 1 turns
 38571 | Shoals:4 | Got a barnacled rune of Zot
 39393 | Vaults:1 | Entered Level 1 of the Vaults
 39585 | Vaults:1 | Gained mutation: You occasionally lose the ability to drink
                  | potions when taking damage. [mutagenic glow]
 39601 | Vaults:1 | Gained mutation: You are vulnerable to heat. (rF-)
                  | [mutagenic glow]
 39660 | D:13     | Lost mutation: Your muscles are strong. (Str +4, Int/Dex
                  | -1) [potion of mutation]
 39660 | D:13     | Lost mutation: You are partially covered in large bone
                  | plates. (SH +4) [potion of mutation]
 39660 | D:13     | Lost mutation: You are vulnerable to heat. (rF-) [potion of
                  | mutation]
 39660 | D:13     | Gained mutation: You sometimes lose the ability to drink
                  | potions when taking damage. [potion of mutation]
 39660 | D:13     | Gained mutation: You are somewhat resistant to further
                  | mutation. [potion of mutation]
 39661 | D:13     | Lost mutation: You are somewhat resistant to further
                  | mutation. [potion of mutation]
 39661 | D:13     | Lost mutation: You sometimes lose the ability to drink
                  | potions when taking damage. [potion of mutation]
 39661 | D:13     | Lost mutation: You occasionally lose the ability to drink
                  | potions when taking damage. [potion of mutation]
 39661 | D:13     | Gained mutation: Your muscles are strong. (Str +4, Int/Dex
                  | -1) [potion of mutation]
 39661 | D:13     | Gained mutation: Your magical capacity is low. (-10% MP)
                  | [potion of mutation]
 39661 | D:13     | Gained mutation: You have a pair of small horns on your
                  | head. [potion of mutation]
 39661 | D:13     | Gained mutation: Your system is resistant to poisons.
                  | (rPois) [potion of mutation]
 40485 | Vaults:1 | Paralysed by a great orb of eyes for 4 turns
 40639 | Vaults:1 | Reached skill level 15 in Invocations
 41227 | Vaults:1 | Identified the +7 trident of Fudimm {spect, +Blink}
 41475 | Vaults:1 | Reached XP level 20. HP: 121/158 MP: 25/34
 41588 | Vaults:1 | Found a radiant altar of Vehumet.
 41820 | Vaults:2 | Learned a level 6 spell: Summon Cactus Giant
 42636 | Vaults:2 | Reached skill level 15 in Spellcasting
 43797 | Vaults:3 | Reached skill level 15 in Dodging
 43799 | Vaults:3 | Paralysed by a great orb of eyes for 5 turns
 44178 | Vaults:3 | Reached skill level 15 in Stealth
 44237 | Vaults:3 | Gained mutation: Your body sometimes deteriorates upon
                  | taking damage. [mutagenic glow]
 44639 | Vaults:3 | Paralysed by a great orb of eyes for 3 turns
 44708 | Vaults:3 | Reached skill level 15 in Fire Magic
 44797 | Vaults:3 | Reached XP level 21. HP: 166/166 MP: 28/36
 45542 | Vaults:3 | Found a staircase to the Crypt.
 45735 | Vaults:3 | Identified the +0 robe of the Blacksmith {Fly Dex+2}
 46088 | Vaults:4 | Found Nesut's General Store.
 46184 | Vaults:4 | Bought a potion of curing for 33 gold pieces
 46596 | Vaults:4 | Reached skill level 16 in Invocations
 47600 | Vaults:4 | Noticed Xtahua
 47620 | Vaults:4 | Killed Xtahua
 48089 | Vaults:4 | Reached skill level 15 in Fighting
 48089 | Vaults:4 | Reached skill level 15 in Short Blades
 48089 | Vaults:4 | Reached skill level 15 in Long Blades
 48089 | Vaults:4 | Reached skill level 15 in Axes
 48089 | Vaults:4 | Reached skill level 15 in Maces & Flails
 48089 | Vaults:4 | Reached skill level 15 in Polearms
 48089 | Vaults:4 | Reached skill level 15 in Staves
 48089 | Vaults:4 | Reached skill level 15 in Ranged Weapons
 48089 | Vaults:4 | Reached skill level 15 in Throwing
 48089 | Vaults:4 | Reached skill level 15 in Armour
 48089 | Vaults:4 | Reached skill level 15 in Shields
 48089 | Vaults:4 | Reached skill level 15 in Unarmed Combat
 48089 | Vaults:4 | Reached skill level 15 in Evocations
 48995 | Vaults:4 | Lost mutation: Your muscles are strong. (Str +4, Int/Dex
                  | -1) [potion of mutation]
 48995 | Vaults:4 | Lost mutation: Your system is resistant to poisons. (rPois)
                  | [potion of mutation]
 48995 | Vaults:4 | Gained mutation: You sometimes lose your temper in combat.
                  | [potion of mutation]
 48995 | Vaults:4 | Lost mutation: You sometimes lose your temper in combat.
                  | [potion of mutation]
 48996 | Vaults:4 | Lost mutation: Your body sometimes deteriorates upon taking
                  | damage. [potion of mutation]
 48996 | Vaults:4 | Lost mutation: You have a pair of small horns on your head.
                  | [potion of mutation]
 48996 | Vaults:4 | Lost mutation: Your magical capacity is low. (-10% MP)
                  | [potion of mutation]
 48996 | Vaults:4 | Gained mutation: You have hidden genetic defects. [potion
                  | of mutation]
 48996 | Vaults:4 | Gained mutation: You are partially covered in iridescent
                  | scales. (AC +2) [potion of mutation]
 49240 | Elf:1    | Entered Level 1 of the Elven Halls
 49955 | Elf:1    | Gained mutation: You are frail. (-10% HP) [hidden defects]
 50239 | Elf:1    | Reached XP level 22. HP: 100/157 MP: 38/42
 50870 | Elf:1    | Found Jask's Assorted Antiques.
 51137 | Elf:1    | Found Teema's Book Emporium.
 51137 | Elf:1    | Found Juruam's Jewellery Boutique.
 51138 | Elf:1    | Found Heodahu's Jewellery Boutique.
 51195 | Elf:2    | Paralysed by an air elemental for 1 turns
 51250 | Elf:2    | Gained mutation: You are dopey. (Int -2) [hidden defects]
 51250 | Elf:2    | Lost mutation: You have hidden genetic defects. [hidden
                  | defects expressed]
 51299 | Elf:2    | Upgraded the game from 0.31-a0-167-g1c394c0614 to
                  | 0.31-a0-174-g85c54bcb58
 51472 | Elf:2    | Found a runed translucent gate.
 51473 | Elf:2    | Found a runed translucent gate.
 51473 | Elf:2    | Found a runed translucent gate.
 51513 | Elf:3    | Entered Level 3 of the Elven Halls
 51523 | Elf:3    | Found Masenuaz's Tiny Tomes.
 51992 | Elf:3    | Noticed Asterion
 52001 | Elf:3    | Killed Asterion
 52008 | Elf:3    | Found Ynuh's Jewellery Shop.
 52106 | Elf:3    | Identified the +7 hand axe "Nisetut" {speed, rElec Dex+2}
 52106 | Elf:3    | Identified the +1 robe of the Hall of Blades {rF- rC++
                  | Int-2 Slay+5}
 52916 | Elf:1    | Upgraded the game from 0.31-a0-174-g85c54bcb58 to
                  | 0.31-a0-175-g9f7f995f2b
 53403 | Elf:3    | Reached skill level 17 in Invocations
 53425 | Elf:3    | Reached skill level 15 in Ice Magic
 54233 | Elf:3    | Identified the +2 robe "Kucreotu" {rF+ Archmagi}
 54233 | Elf:3    | Identified the +0 buckler "Apsuklaoc" {rCorr}
 55083 | Elf:3    | Identified the staff of air "Aseuguun" {+Blink rElec Str-4
                  | SInv Stlth+}
 55097 | Elf:3    | Identified the staff of fire "Cadoysy" {rF+ Str+3}
 55358 | Abyss:3  | Found a corrupted altar of Lugonu.
 55358 | Abyss:3  | Cast into level 3 of the Abyss (a deep elf sorcerer)
 55530 | Abyss:3  | Paralysed by accursed screaming for 1 turns
 55554 | Abyss:3  | Paralysed by accursed screaming for 1 turns
 55600 | Abyss:3  | Gained mutation: You are occasionally teleported next to
                  | monsters. [mutagenic glow]
 55608 | Abyss:3  | Gained mutation: You have hidden genetic defects.
                  | [mutagenic glow]
 55619 | Abyss:3  | Gained mutation: You are very frail. (-20% HP) [a neqoxec]
 55626 | Abyss:3  | Gained mutation: You have terrible hidden genetic defects.
                  | [a neqoxec]
 55636 | Abyss:3  | Gained mutation: You occasionally shout uncontrollably at
                  | your foes. [mutagenic glow]
 55683 | Abyss:3  | Gained mutation: You are very dopey. (Int -4) [mutagenic
                  | glow]
 55699 | Abyss:3  | Gained mutation: You occasionally lose the ability to drink
                  | potions when taking damage. [mutagenic glow]
 55714 | Elf:3    | Escaped the Abyss
 56494 | Snake:1  | Bought the +6 shadow dragon scales of Quloph {Harm rElec
                  | rPois Str-5 Stlth++++} for 1683 gold pieces
 56674 | D:12     | You paid a toll of +6 shadow dragon scales to enter a
                  | treasure trove
 56675 | Trove    | Entered a treasure trove
 56682 | Trove    | Identified the amulet "Pagufun" {RegenMP Str-5 Dex+2
                  | Slay+5}
 56684 | Trove    | Identified the +2 kite shield "Wyamagg" {Will++ Str-3}
 56689 | Trove    | Identified the +0 hat of Insurance {rF+}
 56718 | Trove    | Identified the ring of Unkaviet {Ice Str+3 Stlth+}
 56733 | Trove    | Identified the ring "Faud" {rC+ Str+3 Dex+6}
 56753 | Trove    | Identified the ring "Kiojuyfu" {rF+ Str-5 Dex+4 SInv}
 56767 | Trove    | Identified the ring "Ebeyrun" {rElec rF+ rCorr Int-5}
 56782 | Trove    | Identified the ring "Qutiangu" {rN+ rCorr Int+6 SInv}
 56889 | Depths:1 | Entered Level 1 of the Depths
 56907 | Depths:1 | Reached XP level 23. HP: 61/146 MP: 26/43
 56910 | Depths:1 | Gained mutation: Your spells are a little easier to cast,
                  | but a little less powerful. [mutagenic glow]
 56917 | Depths:1 | Slain by a white very ugly thing

Illustrated notes

Levels and vault maps discovered:
D:1:      lightli_arrival_windingriver, layout_loops_cross
D:2:      layout_loops_cross, serial_shops, shop,
          shapermc_ecumenical_altar_petra, kennysheep_small_spiral,
          kennysheep_big_empty_room, fountainhead, minmay_box_of_dots
D:3:      layout_loops_corners, serial_shops, shop
D:4:      layout_rooms, serial_glass, glass_columns_b, glass_columns_b,
          uniq_sigmund, uniq_crazy_yiuf_cottage
D:5:      layout_loops_cross, nicolae_wu_jian_immortal_techniques,
          vehumet_altar_wand_db, kennysheep_slug_shrine,
          mainiacjoe_overflow_24_doors, corexii_shack, minmay_misc_feat_rows
D:6:      layout_basic, amethyst_killhole, minmay_misc_feat_plants,
          nrook_campfire, uniq_pikel
D:7:      layout_basic, zin_purify, minmay_temple_entry_enclosed_plants,
          water_boxes_lemuel
D:8:      gammafunk_sealed_arena, layout_basic, nicolae_gozag_zags_fifth_avenue,
          mainiacjoe_overflow_brackets, serial_shops, shop, enter_bailey_5
D:9:      layout_loops_ring
D:10:     layout_long_grid, grunt_temple_overflow_holy_war, lair_entry_dummy,
          erik_orc_4, serial_shops, nicolae_shop_tiny_real_fake_doors
D:11:     layout_basic, uniq_maurice
D:12:     layout_roguey, enter_trove_2, serial_shops,
          nicolae_shop_getting_attention, fedhas_ov_isle_minmay
D:13:     hangedman_screamer, layout_loops_corners, david_vaults_3, uniq_sonja
D:14:     minmay_bloctagon_deflated, layout_basic, reono_crystal_passage,
          serial_shops, shop_fountains, kennysheep_generic_room_10, uniq_lodul
D:15:     grunt_enter_depths_magical_seal, layout_small_grid,
          minmay_misc_feat_more_columns, grunt_ministairs_5,
          hangedman_decor_peaks_small, uniq_kirke
Lair:1:   layout_chaotic_city, portal_ice_cave_rime, serial_bayou_ford_a
Lair:2:   layout_chaotic_city, serial_bayou, serial_bayou_pond_e,
          serial_bayou_pond_c, serial_bayou_lagoon_a, serial_bayou_pond_c,
          bh_autumn_forest_stairs
Lair:3:   layout_loops_ring, minmay_shoals_entry_lonely_mermaid,
          guppyfry_snake_entry_island, grunt_megastairs_4
Lair:4:   layout_cave_pods, st_stairs_6, kennysheep_abandoned_house
Lair:5:   cheibrodos_lair_end_hotspot, layout_gridlike,
          dpeg_slime_entry_enclosed, ebering_ghost_reflecting_pool
Shoals:1: layout_shoals
Shoals:2: layout_shoals, serial_shops, nicolae_shop_window_shopping,
          nicolae_shoals_lost_giant_hut
Shoals:3: layout_shoals, uniq_jorgrun
Shoals:4: shoals_end_hellmonk_storm_palace [storm_palace_center_circular,
          storm_palace_corner_narrow, storm_palace_corner_grid,
          storm_palace_corner_altar, storm_palace_corner_narrow]
Snake:1:  layout_misc_corridors, basic_altar, nicolae_shop_dragon_depot,
          nicolae_snake_slithery_corners, lemuel_fruit_tree
Snake:2:  layout_cave_pods, serial_shops, shop
Snake:3:  layout_onion_interference, nicolae_letterblocks
          [nicolae_letter_subblock, nicolae_letter_subblock,
          nicolae_letter_subblock, nicolae_letter_subblock,
          nicolae_letter_subblock, nicolae_letter_subblock,
          nicolae_letter_subblock, nicolae_letter_subblock,
          nicolae_letter_subblock, nicolae_letter_subblock,
          nicolae_letter_subblock, nicolae_letter_subblock,
          nicolae_letter_subblock, nicolae_letter_subblock,
          nicolae_letter_subblock, nicolae_letter_subblock,
          nicolae_letter_subblock, nicolae_letter_subblock,
          nicolae_letter_subblock, nicolae_letter_subblock,
          nicolae_letter_subblock, nicolae_letter_subblock,
          nicolae_letter_subblock, nicolae_letter_subblock,
          nicolae_letter_subblock], grunt_megastairs_5
Snake:4:  snake_pit, layout_cave_town, basic_altar, st_stairs_8, drop_trap,
          uniq_mara, uniq_mlioglotl
Orc:1:    layout_caves, serial_shops, shop, sword_in_stone
Orc:2:    grunt_orc_community_town_hall, layout_caves,
          grunt_orc_community_big_house_2, grunt_orc_community_big_house_1,
          grunt_orc_community_house_3, grunt_orc_community_house_3,
          grunt_orc_community_house_3, grunt_orc_community_house_3,
          grunt_orc_community_house_1, grunt_orc_community_house_2, basic_altar
Elf:1:    nicolae_elf_arrival_aired_out, layout_loops_corners, serial_shops,
          shop, serial_glass, glass_columns_a, glass_columns_b,
          hangedman_elven_crosses_minicolossus, minmay_shop_grove
Elf:2:    nicolae_elf_blades_crystal_corner, layout_loops_cross,
          grunt_ministairs_3
Elf:3:    minmay_elf_hall_curves, layout_geoelf_diagonals, serial_shops, shop,
          fountainhead, hex_medium, hex_intersection,
          nicolae_shop_i_like_small_books_too, uniq_asterion
Vaults:1: hangedman_vaults_impose, vaults_room_large_hall,
          nicolae_vaults_diamond_1, v_misc_4, grunt_tower_of_power,
          vaults_room_semicircle, nicolae_vaults_trapezoid_4,
          nicolae_vaults_trapezoid_lopsided_4, v_misc_19,
          nicolae_vaults_weapon_check, v_misc_23, hangedman_vaults_variations,
          nicolae_vaults_door_testing_chamber, vaults_mumra_hexcomb,
          layout_vaults_omnibox
Vaults:2: nicolae_vaults_double_plus_3, nicolae_vaults_what_the_h,
          nicolae_vaults_surprise_closet, v_alt_pattern_2,
          nicolae_vaults_ellipses_ellipsis, ontoclasm_vaults_idyll,
          nicolae_vaults_tetromino_L_1, vaults_dpeg_hooks,
          layout_vaults_omnigrid
Vaults:3: nicolae_vaults_trapezoid_lopsided_4, vaults_mumra_minichess,
          nicolae_vaults_steering_wheel, nicolae_vaults_closet_pinwheel_5,
          minmay_crypt_entry_skeletal_spiral,
          vaults_standard_mumra_enter_the_diamond, vaults_standard_mumra_x,
          nicolae_vaults_layer_cake_slice, nicolae_vaults_alarming,
          layout_vaults_chaotic_city
Vaults:4: nicolae_vaults_rhombus_6, v_misc_28, vaults_room_grid,
          ontoclasm_vaults_spin, nicolae_vaults_circle_grid_b, v_misc_8,
          v_pattern_3, v_misc_9, nicolae_vaults_fighting_squares,
          nicolae_vaults_layer_cake_slice, v_rooms_3, grunt_vaults_swirl,
          v_misc_16, nicolae_vaults_variable_pillar_hall, layout_vaults_ring,
          serial_shops, shop, uniq_xtahua
Depths:1: layout_cave_pools, abyss_entry, hell_entry, elyvilon_altar_1,
          dreamdust_wishing_well, pandoras_box_mu

Skill      XL: |  1  2  3  4  5  6  7  8  9 10 11 12 13 14 15 16 17 18 19 20 21 22 |
---------------+-------------------------------------------------------------------+-----
Spellcasting   | 5 6 7 8 9 10 11 12 13 14 15 16 | 16.6
Invocations    | 1 2 3 4 5 7 9 10 11 12 13 14 15 16 17 | 17.3
Fighting       | 1 2 3 5 6 7 8 9 10 11 12 13 14 15 | 15.9
Short Blades   | 1 2 3 5 6 7 8 9 10 11 12 13 14 15 | 15.9
Long Blades    | 1 2 3 5 6 7 8 9 10 11 12 13 14 15 | 15.9
Axes           | 1 2 3 5 6 7 8 9 10 11 12 13 14 15 | 15.9
Maces & Flails | 1 2 3 5 6 7 8 9 10 11 12 13 14 15 | 15.9
Polearms       | 1 2 3 5 6 7 8 9 10 11 12 13 14 15 | 15.9
Staves         | 1 2 3 5 6 7 8 9 10 11 12 13 14 15 | 15.9
Ranged Weapons | 1 2 3 5 6 7 8 9 10 11 12 13 14 15 | 15.9
Throwing       | 1 2 3 5 6 7 8 9 10 11 12 13 14 15 | 15.9
Armour         | 1 2 3 5 6 7 8 9 10 11 12 13 14 15 | 15.9
Shields        | 1 2 3 5 6 7 8 9 10 11 12 13 14 15 | 15.9
Unarmed Combat | 1 2 3 5 6 7 8 9 10 11 12 13 14 15 | 15.9
Evocations     | 1 2 3 5 6 7 8 9 10 11 12 13 14 15 | 15.9
Conjurations   | 1 2 3 4 5 6 7 8 9 10 11 12 13 | 13.6
Hexes          | 1 2 3 4 5 6 7 8 9 10 11 12 13 | 13.6
Summonings     | 1 2 3 4 5 6 7 8 9 10 11 12 13 | 13.6
Necromancy     | 1 2 3 4 5 6 7 8 9 10 11 12 13 | 13.6
Translocations | 1 2 3 4 5 6 7 8 9 10 11 12 13 | 13.6
Transmutations | 1 2 3 4 5 6 7 8 9 10 11 12 13 | 13.6
Fire Magic     | 1 2 3 4 5 6 7 8 9 10 12 13 14 15 16 | 16.8
Air Magic      | 1 2 3 4 5 6 7 8 9 10 11 12 13 | 13.6
Earth Magic    | 1 2 3 4 5 6 7 8 9 10 11 12 13 | 13.6
Poison Magic   | 1 2 3 4 5 6 7 8 9 10 11 12 13 | 13.6
Dodging        | 5 6 8 9 10 11 12 13 14 15 16 | 16.5
Stealth        | 5 6 7 8 9 10 11 12 13 14 15 16 | 16.4
Ice Magic      | 8 9 10 11 12 13 14 15 | 15.1

Action                     |  1- 3 |  4- 6 |  7- 9 | 10-12 | 13-15 | 16-18 | 19-21 | 22-24 || total
---------------------------+-------+-------+-------+-------+-------+-------+-------+-------++-------
  Melee: Unarmed           |     7 |     8 |     8 |       |       |       |       |       ||    23
         Bite              |       |     1 |    19 |    17 |    21 |    26 |    85 |    29 ||   198
         Dagger            |       |       |    23 |       |       |       |       |       ||    23
         Spear             |       |       |    79 |   122 |    74 |       |       |       ||   275
         Short sword       |       |       |    47 |       |       |       |       |       ||    47
         Scimitar          |       |       |       |    14 |    88 |    30 |       |       ||   132
         Demon blade       |       |       |       |       |       |   102 |       |       ||   102
         Demon trident     |       |       |       |       |       |   139 |   190 |       ||   329
         Headbutt          |       |       |       |       |       |       |   119 |       ||   119
         Trident           |       |       |       |       |       |       |   392 |   215 ||   607
         War axe           |       |       |       |       |       |       |    12 |       ||    12
   Fire: Sling             |       |       |       |       |    14 |       |       |       ||    14
   Cast: Freeze            |    54 |    56 |    38 |     6 |       |       |       |       ||   154
         Frozen Ramparts   |     1 |     5 |    23 |    25 |    63 |    34 |    15 |     4 ||   170
         Summon Ice Beast  |       |     1 |     9 |    25 |    36 |     5 |     1 |       ||    77
         Ozocubu's Armour  |       |       |     6 |    28 |    16 |     3 |       |       ||    53
         Sandblast         |       |       |    11 |   327 |   866 |   352 |   353 |    52 ||  1961
         Blink             |       |       |       |     1 |     4 |       |       |       ||     5
         Irradiate         |       |       |       |     2 |     8 |     3 |    41 |    21 ||    75
         Arcjolt           |       |       |       |       |    41 |    28 |    24 |    14 ||   107
         Freezing Cloud    |       |       |       |       |     3 |   244 |   233 |   107 ||   587
         Iskenderun's Batt |       |       |       |       |       |    19 |       |       ||    19
         Sublimation of Bl |       |       |       |       |       |     1 |       |       ||     1
         Summon Cactus Gia |       |       |       |       |       |       |    23 |    42 ||    65
    Use: Scroll            |       |    12 |     5 |     4 |    12 |     7 |       |     4 ||    44
         Potion            |       |       |     5 |     9 |    11 |     6 |     6 |    18 ||    55
   Stab: Sleeping          |     1 |     1 |       |     1 |       |       |     5 |     2 ||    10
         Distracted        |       |       |     3 |     1 |     2 |       |    16 |     4 ||    26
 Armour: Robe              |     7 |     9 |    10 |    25 |       |       |       |       ||    51
         Scale mail        |       |       |       |    83 |   335 |   163 |   222 |    99 ||   902
  Dodge: Dodged            |    23 |    41 |   183 |   223 |   549 |   358 |   363 |   167 ||  1907
  Block: Buckler           |       |     1 |   105 |   287 |   660 |   372 |   254 |    87 ||  1766

Table legend: (Time is in decaauts)
 A = Elapsed time spent in this place.
 B = Non-inter-level travel time spent in this place.
 C = Inter-level travel time spent in this place.
 D = Time resting spent in this place.
 E = Time spent auto-exploring this place.
 F = Levels seen in this place.
 G = Mean time per level.
                   A        B        C        D        E       F      G
               +--------+--------+--------+--------+--------+-----+--------+
         Total |  57757 |  53802 |   3955 |  11409 |  26805 |  42 | 1375.2 |
       Dungeon |  17066 |  15527 |   1539 |    645 |  11810 |  15 | 1137.7 |
          Lair |   6601 |   6061 |    540 |    827 |   3579 |   5 | 1320.2 |
        Shoals |   5551 |   5153 |    398 |   2021 |    425 |   4 | 1387.8 |
     Snake Pit |   6073 |   5781 |    292 |   1257 |   3020 |   4 | 1518.2 |
  Orcish Mines |   2075 |   1730 |    345 |     70 |    682 |   2 | 1037.5 |
   Elven Halls |   6756 |   6274 |    482 |   2313 |   2006 |   3 | 2252.0 |
        Vaults |   9598 |   9243 |    355 |   2464 |   5109 |   4 | 2399.5 |
        Depths |     24 |     24 |      0 |      0 |      0 |   1 |   24.0 |
         Abyss |    332 |    332 |      0 |      0 |      0 |   1 |  332.0 |
         Trove |    164 |    164 |      0 |      0 |      0 |   1 |  164.0 |
        Bailey |    957 |    957 |      0 |    331 |     95 |   1 |  957.0 |
      Ice Cave |   2555 |   2555 |      0 |   1480 |     78 |   1 | 2555.0 |
               +--------+--------+--------+--------+--------+-----+--------+

Top non-repeatable levels by time:
   Elf:3: 3712 daAuts
Vaults:4: 2984 daAuts
   IceCv: 2555 daAuts
Vaults:3: 2500 daAuts
Shoals:4: 2456 daAuts
   Elf:1: 2355 daAuts
 Snake:4: 2192 daAuts
Vaults:1: 2169 daAuts
    D:13: 2015 daAuts
Vaults:2: 1943 daAuts
  Lair:4: 1847 daAuts
 Snake:2: 1635 daAuts
    D:10: 1477 daAuts
   Orc:2: 1466 daAuts
    D:11: 1344 daAuts
